 Dungeon Crawl Stone Soup version 0.27-b1-42-g19c61b19a5 (webtiles) character file.

Game seed: 3606125884784012164

85 Sin92 the Skirmisher (level 4, -1/35 HPs)
             Began as a Demonspawn Fighter on July 29, 2021.
             Slain by Natasha (3 damage)
             ... on level 2 of the Dungeon.
             The game lasted 00:00:56 (1617 turns).

Sin92 the Skirmisher (Demonspawn Fighter)           Turns: 1617, Time: 00:00:57

Health: -1/35      AC:  6    Str: 16    XL:     4   Next: 25%
Magic:  4/4        EV:  7    Int:  9    God:
Gold:   77         SH:  9    Dex: 14    Spells: 3/3 levels left

rFire    . . .     SeeInvis .   a - +0 war axe
rCold    . . .     Faith    .   c - +0 kite shield
rNeg     . . .     Spirit   .   b - +0 scale mail
rPois    .         Reflect  .   (helmet restricted)
rElec    .         Harm     +   g - scarf {harm}
rCorr    .         Rampage  .   (no gloves)
Will     .....                  (no boots)
Stlth    ..........             (no amulet)
HPRegen  0.11/turn              (no ring)
MPRegen  0.09/turn              (no ring)

@: no status effects
A: antennae 2, talons 1
a: no special abilities


You were on level 2 of the Dungeon.
You visited 1 branch of the dungeon, and saw 2 of its levels.

You collected 77 gold pieces.

Inventory:

Hand Weapons
 a - a +0 war axe (weapon)
Armour
 b - a +0 scale mail (worn)
 c - a +0 kite shield (worn)
 g - a scarf of harm (worn)
Scrolls
 e - a scroll of noise {unknown}
 f - a scroll of identify {unknown}
Potions
 d - a potion of might
 h - a potion of curing {unknown}


   Skills:
 + Level 3.4 Fighting
 * Level 2.7 Axes
 + Level 3.1 Armour
 + Level 1.1 Dodging
 + Level 3.1 Shields


You had 3 spell levels left.
You didn't know any spells.
Your spell library was empty.

Dungeon Overview and Level Annotations

Branches:
Dungeon (2/15)

Altars:

Annotations:
D:2 Natasha


Innate Abilities, Weirdness & Mutations

You have a pair of antennae on your head.
You have sharp toenails.


Message History

Natasha is nearby!
Unknown command.
You hit Natasha.
Natasha is heavily wounded.
Natasha barely misses you.
Natasha is nearby!
Unknown command.
You slash Natasha!
You kill Natasha!
Natasha screams in pain as she dies!
You have reached level 4!
You feel agile.
Your demonic ancestry asserts itself...
The antennae on your head grow some more.
No target in view!
Natasha, Servant of Life and Death comes into view.
She is carrying a wand of flame (21).
Unknown command.
Natasha is nearby!
Things that are here:
29 stones; the felid corpse of Natasha Natasha is nearby!
Natasha howls an incantation.
Natasha's front paws start to glow.
Natasha claws you.
Natasha is nearby!
Your scale mail prevents you from hitting Natasha.
Natasha zaps a wand.
The puff of flame hits you!
* * * LOW HITPOINT WARNING * * *
Natasha is nearby!
Unknown command.
You are too injured to fight recklessly!
You are too injured to fight recklessly!
You are too injured to fight recklessly!
Unknown command.
You are too injured to fight recklessly!
You hit Natasha but do no damage.
Natasha stares at you and mumbles some strange words.
The magic dart hits you!
* * * LOW HITPOINT WARNING * * *
Natasha claws you.
You die...

##.###### ##.......#
###.....##.#
.......†...##
###.....†..†###########
..^........†.(........##
###....(................
#.......#####.#.......
#....@..# #.#####.##
#....h..# ##.#####.##
#>##..### ...........
... #..# .#.#####.## ..#
#... #.# #... .. #...
..#. #..# #.##. .... #.
#.


You could see Natasha.

Vanquished Creatures
  Jessica (D:2)
  Natasha (D:2)
  4 ball pythons (D:1)
  3 endoplasms (D:1)
  A giant cockroach (D:1)
  A goblin (D:1)
  2 hobgoblins
  6 jackals
  3 kobolds
  A quokka (D:2)
  3 bats (D:1)
  4 frilled lizards
  2 rats (D:2)
32 creatures vanquished.

Notes
Turn   | Place    | Note
-------+----------+-------------------------------------------
     0 | D:1      | Sin92 the Demonspawn Fighter began the quest for the Orb.
     0 | D:1      | Reached XP level 1. HP: 18/18 MP: 1/1
   210 | D:1      | Gained mutation: You have sharp toenails. [demonic
                  | ancestry]
   210 | D:1      | Reached XP level 2. HP: 24/24 MP: 2/2
  1159 | D:2      | Noticed Jessica
  1172 | D:2      | Killed Jessica
  1173 | D:2      | Gained mutation: You have a pair of small antennae on your
                  | head. [demonic ancestry]
  1173 | D:2      | Reached XP level 3. HP: 10/29 MP: 3/3
  1397 | D:2      | Reached skill level 1 in Dodging
  1582 | D:2      | Noticed Natasha
  1590 | D:2      | Killed Natasha
  1591 | D:2      | Gained mutation: You have a pair of antennae on your head.
                  | [demonic ancestry]
  1591 | D:2      | Reached XP level 4. HP: 23/35 MP: 4/4
  1612 | D:2      | Noticed Natasha
  1617 | D:2      | Slain by Natasha

Illustrated notes

Levels and vault maps discovered:
D:1:      dpeg_arrival_more_subterranean_lakeside_camping, layout_basic
D:2:      layout_loops_ring, basic_altar, chequers_ecumenical_altar_simple,
          uniq_natasha, uniq_sigmund, uniq_jessica

Skill      XL: |  1  2  3 |
---------------+----------+-----
Axes           | 2 |  2.7
Armour         | 3 |  3.1
Shields        | 3 |  3.1
Dodging        | 1 |  1.1
Fighting       | |  3.4

Action                   |  1- 3 |  4- 6 || total
-------------------------+-------+-------++-------
Melee: War axe           |    71 |     2 ||    73
       Kick              |    13 |       ||    13
Armor: Scale mail        |    40 |       ||    40
Dodge: Dodged            |    32 |       ||    32
Block: Kite shield       |    42 |       ||    42
